 Dungeon Crawl Stone Soup version 0.30-a0-986-g7f2e898f52 (webtiles) character file.

Game seed: 13559825796461426611

4256 Mesmaeker13 the Martial Artist (level 10, -3/85 HPs)
             Began as an Octopode Transmuter on Apr 1, 2023.
             Was a Follower of Wu Jian.
             Slain by a troll (4 damage)
             ... on level 8 of the Dungeon.
             The game lasted 00:14:37 (7026 turns).

Mesmaeker13 the Martial Artist (OpTm)               Turns: 7026, Time: 00:14:37

Health: -3/85      AC:  8    Str: 11    XL:     10   Next: 31%
Magic:  13/13      EV: 10    Int: 17    God:    Wu Jian [*.....]
Gold:   432        SH:  0    Dex: 14    Spells: 1/13 levels left

rFire   x . .      SeeInvis .    c - melded +1 dagger (venom)
rCold   + + +      Faith    .    (shield currently unavailable)
rNeg    . . .      Spirit   .    (helmet currently unavailable)
rPois   +          Reflect  .    t - amulet of magic regeneration
rElec   .          Rampage  .    (no ring)
rCorr   .                        v - ring of protection from cold
Will    .....                    (no ring)
Stlth   +                        (no ring)
HPRegen 0.34/turn                (no ring)
MPRegen 0.53/turn                (no ring)
                                 (no ring)
                                 (no ring)

@: about to teleport, ice-form
A: freezing attack, boosted hp, almost no armour, amphibious, 8 rings, large,
(camouflage 1), (gelatinous body 1), (nimble swimmer 1), (tentacles)
a: End Transformation, Renounce Religion


You were on level 8 of the Dungeon.
You worshipped Wu Jian.
Wu Jian was aware of your devotion.
You were a creature of crystalline ice.
You visited 2 branches of the dungeon, and saw 9 of its levels.

You collected 432 gold pieces.

Inventory:

Hand Weapons
 c - a +1 dagger of venom (melded)
 u - a +0 quarterstaff
Missiles
 s - a throwing net
 y - 2 poisoned darts
Armour
 l - a +2 buckler
Jewellery
 h - a ring of ice
 n - the ring "Japreq" {Ice *Corrode Int+3 Dex+8}
   (You found it on level 3 of the Dungeon)

   [ring of ice]

   It enhances your ice magic.
   Int:       It affects your intelligence (+3).
   Dex:       It affects your dexterity (+8).
   rF:        It makes you vulnerable to fire.
   rC:        It protects you from cold.
   *Corrode:  It may corrode you when you take damage.
 t - an amulet of magic regeneration (around neck)
 v - a ring of protection from cold (right front paw)
Wands
 r - a wand of iceblast (17)
 D - a wand of digging (3)
Scrolls
 f - 2 scrolls of enchant armour
 g - 3 scrolls of noise
 o - 2 scrolls of teleportation
 x - a scroll of vulnerability
 B - 2 scrolls of blinking
 C - a scroll of fog
Potions
 a - a potion of lignification
 b - 3 potions of might
 e - 5 potions of heal wounds
 i - a potion of invisibility {unknown}
 j - 2 potions of haste {unknown}
 k - 5 potions of flight {unknown}
 m - 3 potions of curing {unknown}
 p - a potion of berserk rage {unknown}
 q - a potion of magic {unknown}
 A - 3 potions of cancellation {unknown}


   Skills:
 + Level 7.4 Fighting
 - Level 2.0 Dodging
 + Level 8.1 Unarmed Combat
 - Level 2.0 Spellcasting
 + Level 7.7 Transmutations
 + Level 7.0 Ice Magic


You had one spell level left.
You knew the following spells:

 Your Spells              Type           Power      Damage    Failure   Level
a - Beastly Appendage     Tmut           54%        N/A       1%          1
b - Wereblood             Tmut           27%        N/A       1%          2
c - Ice Form              Ice/Tmut       26%        N/A       10%         4
d - Summon Forest         Summ/Tloc      0%         N/A       99%         5

Your spell library contained the following spells:

 Spells                   Type           Power      Damage    Failure   Level
 Ensorcelled Hibernation  Hex/Ice        26%        N/A       7%          2
 Spider Form              Tmut/Pois      14%        N/A       12%         3
 Anguish                  Hex/Necr       0%         N/A       88%         4
 Cause Fear               Hex            0%         N/A       88%         4
 Eringya's Noxious Bog    Tmut/Pois      7%         N/A       99%         6
 Dragon Form              Tmut           13%        N/A       100%        7
 Summon Hydra             Summ           0%         N/A       100%        7
 Dragon's Call            Summ           0%         N/A       100%        9


Dungeon Overview and Level Annotations

Branches:
Dungeon (8/15)             Temple (1/1) D:4
   Lair: D:8-11

Altars:
Ashenzari
Cheibriados
Dithmenos
Elyvilon
Gozag
Hepliaklqana
Makhleb
Trog
Wu Jian
Xom

Shops:
D:2 ?:

Annotations:
D:6 3 runed translucent doors, Mesmaeker13's ghost, novice OpTm


Innate Abilities, Weirdness & Mutations

You are a creature of crystalline ice.
You have a powerful freezing melee attack.
Your maximum health is increased.
Your armour is entirely melded.
You are incapable of wielding weapons or throwing items.
You cannot wear most types of armour.
You are amphibious.
You can wear up to eight rings at the same time.
((Your skin changes colour to match your surroundings (Stealth+).))
((Your rubbery body absorbs attacks. (AC +1, EV +1)))
((You are camouflaged when in or above water. (Stealth+)))
((You have tentacles for arms and can constrict up to eight enemies at once.))


Message History

You kill the orc!
The Council accepts your kill.
You lunge at the orc.
You punch the orc! You freeze the orc.
You kill the orc!
The Council accepts your kill.
Items here: ))) [[ †.
No target in view!
No target in view!
Things that are here:
a +0 hand axe; 3 boomerangs; a +0 leather armour A jelly comes into view.
Found a scroll of blinking.
The jelly moves out of view.
Your magical contamination has completely faded away.
You now have 432 gold pieces (gained 12).
A troll comes into view.
You see here a scroll of blinking.
The troll bites you. The troll claws you. The troll misses you.
You hit the troll. You freeze the troll.
The troll is moderately wounded.
The troll bites you but does no damage. The troll claws you!
The troll closely misses you.
You barely miss the troll.
The troll is lightly wounded.
The troll bites you! The troll claws you. The troll claws you!
You are too injured to fight recklessly!
You are too injured to fight recklessly!
Okay, then.
A troll is nearby!
Unknown command.
As you read the scroll of teleportation, it crumbles to dust.
You feel strangely unstable. The troll bites you but does no damage.
The troll claws you!
* * * LOW HITPOINT WARNING * * *
The troll claws you!
* * * LOW HITPOINT WARNING * * *
Unknown command.
The troll attacks as you move away! The troll bites you!
* * * LOW HITPOINT WARNING * * *
The troll claws you.
You die...

###########
#..........
#.......... ######
#..>....... #...?#
#..<.....(.
#...Y###..........
#....T)).........$
#....##)..........
#....###..........
#....# #..........
....###
#########.. .....#
#. #.....# ###.###


You could see a troll.

Vanquished Creatures
  Pikel (D:4)
  Maggie (D:6)
  2 kobold demonologists (D:7)
  Prince Ribbit (D:6)
  Grinder (D:6)
  A steam dragon (D:6)
  Menkaure (D:6)
  Duvessa (D:6)
  An ice beast (D:7)
  A sky beast (D:7)
  A black bear (D:4)
  2 ogres
  2 centaurs
  2 lemures (D:4)
  A phantom (D:5)
  A bullfrog (D:7)
  2 kobold brigands (D:7)
  5 scorpions
  Dowan (D:6)
  2 howler monkeys (D:8)
  3 jellies (D:3)
  Crazy Yiuf (D:4)
  4 orc priests
  A sleepcap (D:5)
  2 hounds
  5 iguanas
  Natasha (thrice) (D:3)
  6 orc wizards
  3 adders
  12 gnolls
  A shadow imp (D:6)
  2 white imps (D:6)
  An ufetubus (D:4)
  6 worms
  4 dart slugs
  23 orcs
  4 bats
  18 endoplasms
  2 giant cockroaches
  13 goblins
  2 hobgoblins (D:2)
  2 jackals (D:2)
  3 quokkas
  6 ball pythons
  4 frilled lizards
  24 kobolds
  3 rats
188 creatures vanquished.

Vanquished Creatures (others)
  6 fungi
  6 toadstools (D:3)
12 creatures vanquished.

Grand Total: 200 creatures vanquished

Notes
Turn   | Place    | Note
-------+----------+-------------------------------------------
     0 | D:1      | Mesmaeker13 the Octopode Transmuter began the quest for the
                  | Orb.
     0 | D:1      | Reached XP level 1. HP: 13/13 MP: 3/3
   139 | D:1      | Reached XP level 2. HP: 8/18 MP: 3/5
   252 | D:1      | Learned a level 2 spell: Wereblood
   473 | D:1      | Reached XP level 3. HP: 22/24 MP: 3/6
   618 | D:1      | Found a faded altar of an unknown god.
  1029 | D:2      | Found Ceoss's Book Boutique.
  1045 | D:2      | Found Cyluowka's Magic Scroll Shoppe.
  1077 | D:1      | Reached XP level 4. HP: 27/29 MP: 7/7
  1085 | D:1      | Learned a level 4 spell: Ice Form
  1520 | D:3      | Noticed a scorpion
  1868 | D:3      | Identified the ring "Japreq" {Ice *Corrode Int+3 Dex+8}
  2039 | D:3      | Noticed Natasha
  2050 | D:3      | Reached XP level 5. HP: 24/35 MP: 8/8
  2103 | D:3      | Killed Natasha
  2104 | D:3      | Reached skill level 4 in Unarmed Combat
  2104 | D:3      | Reached skill level 1 in Ice Magic
  2197 | D:3      | Noticed Natasha
  2205 | D:3      | Killed Natasha
  2547 | D:3      | Noticed Natasha
  2555 | D:3      | Killed Natasha
  2721 | D:3      | Reached XP level 6. HP: 42/42 MP: 3/9
  3193 | D:4      | Reached XP level 7. HP: 46/46 MP: 3/10
  3547 | D:4      | Noticed Pikel
  3575 | D:4      | Reached skill level 5 in Unarmed Combat
  3586 | D:4      | Killed Pikel
  3587 | D:4      | Reached skill level 5 in Transmutations
  3587 | D:4      | Reached XP level 8. HP: 14/54 MP: 7/11
  3754 | D:4      | Found a staircase to the Ecumenical Temple.
  3766 | Temple   | Entered the Ecumenical Temple
  3773 | Temple   | Became a worshipper of the Wu Jian Council
  4320 | D:4      | Found a runed translucent door.
  4321 | D:4      | Noticed Crazy Yiuf
  4370 | D:4      | Killed Crazy Yiuf
  4371 | D:4      | Reached skill level 5 in Fighting
  4498 | D:5      | Entered Level 5 of the Dungeon
  4570 | D:5      | You fall into a shaft and drop 2 floors!
  4587 | D:7      | Noticed a kobold demonologist
  4632 | D:7      | Noticed a kobold demonologist
  4652 | D:7      | Killed a kobold demonologist
  4653 | D:7      | Reached skill level 6 in Unarmed Combat
  4701 | D:7      | Killed a kobold demonologist
  4702 | D:7      | Reached skill level 5 in Ice Magic
  4702 | D:7      | Reached XP level 9. HP: 59/62 MP: 12/12
  5079 | D:5      | Reached * piety under Wu Jian
  5093 | D:5      | Reached skill level 7 in Unarmed Combat
  5921 | D:6      | Noticed Maggie
  5945 | D:6      | Killed Maggie
  5960 | D:6      | Noticed Grinder
  5968 | D:6      | Paralysed by Grinder for 4 turns
  5976 | D:6      | Killed Grinder
  6033 | D:6      | Noticed Prince Ribbit
  6037 | D:6      | Reached XP level 10. HP: 51/69 MP: 13/13
  6059 | D:6      | Killed Prince Ribbit
  6089 | D:6      | Found a runed translucent gate.
  6089 | D:6      | Found a runed translucent gate.
  6089 | D:6      | Found a runed translucent gate.
  6240 | D:6      | Noticed Duvessa
  6255 | D:6      | Killed Duvessa
  6260 | D:6      | Noticed Dowan
  6267 | D:6      | Killed Dowan
  6419 | D:6      | Noticed Mesmaeker13's ghost (novice OpTm)
  6448 | D:6      | Noticed Menkaure
  6453 | D:6      | Killed Menkaure
  6454 | D:6      | Reached skill level 8 in Unarmed Combat
  6665 | D:7      | Found a burning altar of Makhleb.
  6858 | D:7      | Found a bloodstained altar of Trog.
  6859 | D:7      | Found an opulent altar of Gozag.
  6859 | D:7      | Found a shimmering altar of Xom.
  6882 | D:7      | Found a hazy altar of Hepliaklqana.
  6995 | D:8      | Learned a level 5 spell: Summon Forest
  7026 | D:8      | HP: 1/85 [troll (12)]
  7026 | D:8      | Slain by a troll

Illustrated notes

Levels and vault maps discovered:
D:1:      dpeg_arrival_solitude, layout_rooms,
          hellmonk_ecumenical_altar_crossroads, corexii_corridor_pit,
          minmay_tromino_v4_a
D:2:      layout_rooms, serial_shops, nicolae_diamond_shop,
          nicolae_shop_statue_plus
D:3:      cheibrodos_fertilizer, layout_loops_ring, uniq_natasha
D:4:      layout_rooms, minmay_temple_entry_overgrown, uniq_crazy_yiuf_cottage,
          uniq_pikel
D:5:      layout_basic, columned_hall_lemuel
D:6:      layout_cave_pools, gammafunk_ghost_split, grunt_ministairs_14,
          uniq_maggie, uniq_prince_ribbit1, uniq_grinder, uniq_menkaure,
          uniq_duvessa
D:7:      layout_cave_pools, nicolae_overflow_quartered_altars,
          lightli_temple_of_fire
D:8:      layout_rooms
Temple:   nicolae_temple_bog_church

Skill      XL: |  1  2  3  4  5  6  7  8  9 10 |
---------------+-------------------------------+-----
Fighting       | 2 3 4 5 6 7 |  7.4
Transmutations | 3 4 5 6 7 |  7.7
Unarmed Combat | 4 5 6 7 8 |  8.1
Ice Magic      | 1 2 4 5 6 7 |  7.0
Dodging        | |  2.0
Spellcasting   | |  2.0

Action                     |  1- 3 |  4- 6 |  7- 9 | 10-12 || total
---------------------------+-------+-------+-------+-------++-------
  Melee: Unarmed           |    77 |    95 |   187 |    63 ||   422
         Constrict         |    28 |    21 |    11 |       ||    60
         Tentacles         |    17 |    12 |    10 |       ||    39
         Kick              |    15 |    21 |    18 |       ||    54
         Punch             |     5 |     1 |     2 |       ||     8
         Dagger            |       |       |    22 |       ||    22
   Cast: Beastly Appendage |    22 |    21 |    11 |       ||    54
         Wereblood         |     4 |     6 |     5 |       ||    15
         Ice Form          |       |     6 |    14 |     7 ||    27
Ability: Lunge             |       |       |    14 |     3 ||    17
         Whirlwind         |       |       |       |     2 ||     2
    Use: Scroll            |     3 |     2 |     2 |     6 ||    13
   Stab: Sleeping          |     4 |     2 |       |       ||     6
 Armour: Skin              |     6 |     5 |    50 |    11 ||    72
  Dodge: Dodged            |    43 |    39 |    81 |    28 ||   191

Table legend: (Time is in decaauts)
 A = Elapsed time spent in this place.
 B = Non-inter-level travel time spent in this place.
 C = Inter-level travel time spent in this place.
 D = Time resting spent in this place.
 E = Time spent auto-exploring this place.
 F = Levels seen in this place.
 G = Mean time per level.
                   A        B        C        D        E       F      G
               +--------+--------+--------+--------+--------+-----+--------+
         Total |   7014 |   6637 |    377 |    850 |   4043 |   9 |  779.3 |
       Dungeon |   7000 |   6623 |    377 |    850 |   4043 |   8 |  875.0 |
        Temple |     14 |     14 |      0 |      0 |      0 |   1 |   14.0 |
               +--------+--------+--------+--------+--------+-----+--------+

Top non-repeatable levels by time:
     D:3: 1509 daAuts
     D:4: 1208 daAuts
     D:5: 1002 daAuts
     D:2: 924 daAuts
     D:1: 854 daAuts
     D:6: 798 daAuts
     D:7: 666 daAuts
     D:8: 36 daAuts
  Temple: 14 daAuts
